AoeStats
← HOUNGOUNGAGNE

Arabia

509695638Analyzed
1v1 RM · 3d ago on Sep 27, 2026· 25m 52s· 2 players
Game mode
Random Map
Map size
Tiny (2 player)
Population
200
Speed
Normal
Resources
Standard
Victory
Conquest
Starting age
Dark Age
Ending age
Imperial Age
RankedLock teamsTeams togetherTeam positionsShared explorationLock speedFull tech treeHidden civsTurbo modeCheats
Victory
Defeat
🇦🇷 Franks · Argentina
1217
+17
🇺🇸 Inca · United States
1229
-17
HOUNGOUNGAGNE
6:25 Loom
9:21 Feudal Age
15:56 Double-Bit Axe
22:45 Castle Age
20:59 Fletching
21:01 Gold Mining
23:26 Bodkin Arrow
kspecific2011
8:55 Loom
10:59 Feudal Age
11:08 Champi Runner
24:50 Scale Mail Armor
Connection lost

Rejoining the realm…

Still unreachable

The connection could not be restored.

Session expired

The server has moved on; the page needs a fresh start.